 Dungeon Crawl Stone Soup version 0.20-b1-2-gc5a9893 (webtiles) character file.

151 graki42 the Cudgeler (level 5, -5/33 HPs)
             Began as a Gargoyle Berserker on May 23, 2017.
             Was a Believer of Trog.
             Slain by an iguana (9 damage)
             ... on level 3 of the Dungeon.
             The game lasted 00:04:25 (1760 turns).

graki42 the Cudgeler (Gargoyle Berserker)           Turns: 1760, Time: 00:04:27

Health: -5/33      AC: 11    Str: 21    XL:     5   Next: 33%
Magic:  5/5        EV: 10    Int:  8    God:    Trog [**....]
Gold:   150        SH:  0    Dex:  9    Spells: 4/4 levels left

rFire    . . .     SeeInvis .   b - +0 whip
rCold    . . .     Gourm    .   (no shield)
rNeg     + . .     Faith    .   e - +0 scale mail
rPois    ∞         Spirit   .   (no helmet)
rElec    +         Reflect  .   (no cloak)
rCorr    .         Harm     .   d - +0 pair of gloves
MR       .....                  (no boots)
Stlth    ..........             (no amulet)
Regen    0.2/turn               (no ring)
MPRegen  0.1/turn               (no ring)

@: no status effects
A: negative energy resistance 1, electricity resistance, unbreathing,
petrification resistance, rot immunity, AC +4
a: Berserk, Trog's Hand, Burn Spellbooks, Renounce Religion


You were on level 3 of the Dungeon.
You worshipped Trog.
Trog was pleased with you.
You were very hungry.

You visited 1 branch of the dungeon, and saw 3 of its levels.

You collected 150 gold pieces.

Inventory:

Hand Weapons
 a - a +0 mace
 b - a +0 whip (weapon)
 q - a +0 morningstar
Armour
 d - a +0 pair of gloves (worn)
 e - a +0 scale mail (worn)
Jewellery
 g - an uncursed amulet of the gourmand {unknown}
 p - a cursed amulet of inaccuracy {unknown}
Scrolls
 j - a scroll of enchant armour {unknown}
 k - a scroll of fog {unknown}
 l - a scroll of fear {unknown}
 o - a scroll of enchant weapon {unknown}
Potions
 h - a potion of might {unknown}
 m - a potion of mutation {unknown}
 n - a potion of haste {unknown}
Comestibles
 c - 6 bread rations
 f - a meat ration
 i - 4 royal jellies


   Skills:
 + Level 4.1 Fighting
 + Level 4.3 Maces & Flails
 + Level 3.1 Armour
 + Level 2.3 Dodging
 + Level 0.2 Stealth


You had 4 spell levels left.
You didn't know any spells.

Dungeon Overview and Level Annotations

Branches:
Dungeon (3/15)

Altars:
Ashenzari
Hepliaklqana


Innate Abilities, Weirdness & Mutations

You are resistant to torment.
Your stone body is resilient. (AC +4)
You are immune to poison.
You resist negative energy. (rN+)
You are resistant to electric shocks. (rElec)
You can survive without breathing.
You are immune to petrification.
You are immune to rotting.


Message History

The iguana is heavily wounded.
The rat bites you but does no damage.
The iguana bites you but does no damage.
You hit the iguana but do no damage.
The iguana is heavily wounded.
The rat bites you but does no damage.
You hit the iguana.
The iguana is severely wounded.
The iguana bites you but does no damage.
You hit the iguana but do no damage.
The iguana is severely wounded.
The rat bites you but does no damage. The iguana bites you!
* * * LOW HITPOINT WARNING * * *
You hit the iguana but do no damage.
The iguana is severely wounded.
The rat bites you but does no damage. The iguana barely misses you.
You hit the iguana.
The iguana is almost dead.
The rat completely misses you. The iguana bites you!
You die...

....... ....... #.
....... #...
###.....>. #...
#......... #...
#.........
#...###..l?.....
#....@r......
#............
#.....#####+#
#....^#
############.###.#
#............#⌠#.#
##.########..###.#
#.# #......... #.#
##########


You could see an iguana and a rat.

Vanquished Creatures
  2 orc wizards (D:3)
  A gnoll (D:1)
  3 adders
  An ooze (D:1)
  A worm (D:3)
  A dart slug (D:3)
  2 leopard geckos (D:1)
  3 orcs (D:3)
  2 giant cockroaches (D:1)
  7 goblins
  3 hobgoblins
  8 jackals
  3 kobolds (D:1)
  A ball python (D:2)
  5 bats
  3 frilled lizards
46 creatures vanquished.

Notes
Turn   | Place    | Note
-------+----------+-------------------------------------------
     0 | D:1      | graki42 the Gargoyle Berserker began the quest for the Orb.
     0 | D:1      | Reached XP level 1. HP: 14/14 MP: 1/1
    58 | D:1      | Reached XP level 2. HP: 14/19 MP: 2/2
   216 | D:1      | Reached XP level 3. HP: 21/24 MP: 3/3
   225 | D:1      | Reached ** piety under Trog
   642 | D:2      | Found a shattered altar of Ashenzari.
   674 | D:2      | Found a hazy altar of Hepliaklqana.
   830 | D:2      | Reached XP level 4. HP: 29/29 MP: 4/4
  1329 | D:3      | Reached XP level 5. HP: 11/33 MP: 5/5
  1760 | D:3      | Slain by an iguana

Skill      XL: |  1  2  3  4 |
---------------+-------------+-----
Fighting       | 4 |  4.1
Dodging        | 2 |  2.3
Maces & Flails | 4 |  4.3
Armour         | 3 |  3.1
Stealth        | |  0.2

Action                   |  1- 3 |  4- 6 || total
-------------------------+-------+-------++-------
Melee: Mace              |    51 |       ||    51
       Whip              |    60 |   154 ||   214
Invok: Berserk           |       |     1 ||     1
  Eat: Chunk             |       |     3 ||     3
Armor: Animal skin       |    21 |       ||    21
       Scale mail        |    60 |    90 ||   150
Dodge: Dodged            |    93 |    93 ||   186
